 Dungeon Crawl Stone Soup version 0.24-a0-244-ga6a6ab7d13 (webtiles) character file.

Game seed: 15315306086569102703

15 Redear the Skirmisher (level 2, -3/19 HPs)
             Began as a Gargoyle Monk on Apr 11, 2019.
             Slain by Sigmund
             ... wielding a +0 scythe
              (4 damage)
             ... on level 2 of the Dungeon.
             The game lasted 00:00:50 (644 turns).

Redear the Skirmisher (Gargoyle Monk)                Turns: 644, Time: 00:00:51

Health: -3/19      AC:  4    Str: 14    XL:     2   Next: 50%
Magic:  2/2        EV: 13    Int: 10    God:
Gold:   11         SH:  0    Dex: 12    Spells: 1/1 levels left

rFire    . . .     SeeInvis .   a - +0 falchion
rCold    . . .     Gourm    .   (no shield)
rNeg     + . .     Faith    .   b - +0 robe
rPois    ∞         Spirit   .   (no helmet)
rElec    +         Reflect  .   (no cloak)
rCorr    .         Harm     .   (no gloves)
MR       .....                  (no boots)
Stlth    ++........             (no amulet)
HPRegen  0.06/turn              (no ring)
MPRegen  0.08/turn              (no ring)

@: no status effects
A: negative energy resistance 1, electricity resistance, unbreathing,
petrification resistance, rot immunity, AC +2
a: no special abilities


You were on level 2 of the Dungeon.
You were not hungry.

You visited 1 branch of the dungeon, and saw 2 of its levels.

You collected 11 gold pieces.

Inventory:

Hand Weapons
 a - a +0 falchion (weapon)
Armour
 b - a +0 robe (worn)
Scrolls
 c - a scroll of remove curse {unknown}
 d - a scroll of blinking {unknown}
Comestibles
 z - a ration


   Skills:
 + Level 3.5 Fighting
 + Level 2.9 Long Blades
 + Level 2.6 Dodging
 + Level 2.6 Stealth


You had one spell level left.
You didn't know any spells.
Your spell library was empty.

Dungeon Overview and Level Annotations

Branches:
Dungeon (2/15)

Altars:

Annotations:
D:2 Sigmund


Innate Abilities, Weirdness & Mutations

You are resistant to torment.
Your stone body is resilient. (AC +2)
You are immune to poison.
You resist negative energy. (rN+)
You are resistant to electric shocks. (rElec)
You can survive without breathing.
You are immune to petrification.
You are immune to rotting.


Message History

You closely miss Sigmund. Sigmund hits you with a +0 scythe!
Ouch! That really hurt!
* * * LOW HITPOINT WARNING * * *
The kobold shouts!
You take 12 damage, and have 1/19 hp.
MASSIVE DAMAGE!!
You hit Sigmund.
Sigmund is lightly wounded.
Unknown command.
It was a potion of magic.
Magic courses through your body. Sigmund barely misses you.
You closely miss Sigmund.
Sigmund is lightly wounded.
An adder comes into view.
Sigmund closely misses you. The kobold barely misses you.
You closely miss Sigmund.
Sigmund is lightly wounded.
The kobold closely misses you.
Sigmund laughs darkly.
Sigmund hits you with a +0 scythe.
You die...

## .##
########..#####
#....<.@@......
#......KS#####.
#........#
#..........
#.......?##K#
.......###. #
######.## .# #.
##


You could see Sigmund, an adder and a kobold.

Vanquished Creatures
  A bat (D:1)
  2 giant cockroaches (D:1)
  2 hobgoblins (D:1)
  3 kobolds (D:1)
  A frilled lizard (D:1)
  6 rats (D:1)
15 creatures vanquished.

Notes
Turn   | Place    | Note
-------+----------+-------------------------------------------
     0 | D:1      | Redear the Gargoyle Monk began the quest for the Orb.
     0 | D:1      | Reached XP level 1. HP: 14/14 MP: 1/1
    47 | D:1      | Reached XP level 2. HP: 14/19 MP: 2/2
   637 | D:2      | Noticed Sigmund
   640 | D:2      | HP: 1/19 [Sigmund/+0 scythe (12)]
   644 | D:2      | Slain by Sigmund

Levels and vault maps discovered:
D:1:      dpeg_arrival_prison, layout_rooms, st_stairs_9, hex_tiny
D:2:      layout_rooms, old_standard_altar, overflow_temple_1_default,
          first_ration, uniq_sigmund

Action                   || total
-------------------------++-------
Melee: Falchion          ||    29
  Use: Potion            ||     1
 Stab: Sleeping          ||     4
Armor: Robe              ||     5
Dodge: Dodged            ||    23
       Rpst.: Falchion   ||     7

Table legend:
 A = Non-vault XP
 B = Vault XP
 C = Vault XP percentage of total XP
 D = Non-vault monster count
 E = Vault monster count
 F = Vault count percentage of total count
                 A         B        C        D         E       F
            +---------+---------+-------+---------+---------+-------
      Total |      12 |      10 |  45.5 |       8 |       7 |  46.7
            +---------+---------+-------+---------+---------+-------
        D:1 |      12 |      10 |  45.5 |       8 |       7 |  46.7
            +---------+---------+-------+---------+---------+-------
